 Dungeon Crawl Stone Soup version 0.30.0-5-g1a98f26d00 (webtiles) character file.

Game seed: 15267789717439295403

57 Cheops the Ruffian (level 4, -1/38 HPs)
             Began as a Ghoul Monk on May 9, 2023.
             Slain by Terence
             ... wielding a +0 flail
              (2 damage)
             ... on level 3 of the Dungeon.
             The game lasted 00:03:01 (1390 turns).

Cheops the Ruffian (Ghoul Monk)                     Turns: 1390, Time: 00:03:02

Health: -1/38      AC:  2    Str: 16    XL:     4   Next: 0%
Magic:  3/3        EV: 12    Int:  5    God:
Gold:   130        SH:  0    Dex: 11    Spells: 3/3 levels left

rFire   + .          .
                       - Unarmed
rCold   + . .        c - orb {light}
rNeg    + + +        a - +0 robe
rPois   ∞            (no helmet)
rElec   .            (no cloak)
rCorr   .            (no gloves)
SInv    .            (no boots)
Will    .....        (no amulet)
Stlth   +            g - ring of wizardry
HPRegen 0.00/turn    j - ring of protection from fire
MPRegen 0.08/turn

%: wizardry (x1)
@: inhibited regen, glowing
A: claws 1, cold resistance 1, negative energy resistance 3, inhibited
regeneration, torment resistance 2, devour on kill
a: no special abilities


You were on level 3 of the Dungeon.
You visited 1 branch of the dungeon, and saw 3 of its levels.

You collected 130 gold pieces.

Inventory:

Armour
 a - a +0 robe (worn)
 c - an orb of light (worn)
 m - a scarf of harm
Jewellery
 g - a ring of wizardry (left claw)
 j - a ring of protection from fire (right claw)
Scrolls
 d - a scroll of magic mapping {unknown}
 e - 2 scrolls of amnesia {unknown}
 l - a scroll of poison {unknown}
 o - a scroll of enchant weapon {unknown}
 q - a scroll of identify {unknown}
Potions
 b - a potion of ambrosia
 f - 2 potions of heal wounds {unknown}
 h - a potion of invisibility {unknown}
 i - a potion of attraction {unknown}
 k - 2 potions of might {unknown}
 n - a potion of haste {unknown}
 p - a potion of berserk rage {unknown}


   Skills:
 - Level 3.2 Fighting
 - Level 2.6 Dodging
 + Level 5.2 Unarmed Combat


You had 3 spell levels left.
You didn't know any spells.
Your spell library was empty.

Dungeon Overview and Level Annotations

Branches:
Dungeon (3/15)

Altars:
Fedhas
Qazlal
Wu Jian

Shops:
D:2 [

Annotations:
D:3 Terence


Innate Abilities, Weirdness & Mutations

You are immune to poison.
You have sharp fingernails.
Your flesh is cold resistant. (rC+)
You are immune to negative energy. (rN+++)
You do not regenerate when monsters are visible.
You are immune to unholy pain and torment.
You thrive by killing the living.


Message History

* * * LOW HITPOINT WARNING * * *
You scratch Terence but do no damage.
Terence is heavily wounded.
Terence hits you with a +0 flail.
* * * LOW HITPOINT WARNING * * *
You scratch Terence.
Terence is severely wounded.
Terence barely misses you.
You barely miss Terence.
Terence is severely wounded.
Terence barely misses you.
You scratch Terence but do no damage.
Terence is severely wounded.
Terence closely misses you.
You barely miss Terence.
Terence is severely wounded.
Terence hits you with a +0 flail.
* * * LOW HITPOINT WARNING * * *
You scratch Terence.
Terence is almost dead.
Terence misses you.
You scratch Terence but do no damage.
Terence is almost dead.
Terence barely misses you.
You scratch Terence but do no damage.
Terence is almost dead.
Terence hits you with a +0 flail!
* * * LOW HITPOINT WARNING * * *
You scratch Terence but do no damage.
Terence is almost dead.
You scratch Terence but do no damage.
Terence is almost dead.
Terence barely misses you.
You scratch Terence but do no damage.
Terence is almost dead.
Terence barely misses you.
You completely miss Terence.
Terence is almost dead.
Terence hits you with a +0 flail.
You die...

###########
#.........#
#....####.########
#......##.##.....#
###......##.##.###.###
#..............###...#
..........#.##..@@...#
#...........##.#####.#
##.....#######.#
##....# #.# #....# #.#
#.#### #.# #+## #..
##...## ### #.....##


You could see Terence.

Vanquished Creatures
  3 adders (D:2)
  An orc (D:2)
  2 bats
  5 endoplasms
  2 giant cockroaches (D:2)
  2 goblins
  2 hobgoblins
  A kobold (D:1)
  2 quokkas
  2 ball pythons (D:2)
  5 rats
27 creatures vanquished.

Notes
Turn   | Place    | Note
-------+----------+-------------------------------------------
     0 | D:1      | Cheops the Ghoul Monk began the quest for the Orb.
     0 | D:1      | Reached XP level 1. HP: 19/19 MP: 0/0
    58 | D:1      | You fall into a shaft and drop 1 floor!
   210 | D:2      | Reached XP level 2. HP: 26/26 MP: 1/1
   258 | D:2      | Reached skill level 4 in Unarmed Combat
   412 | D:2      | Reached XP level 3. HP: 18/31 MP: 2/2
   466 | D:2      | Found Jesoet Diqi's Antique Armour Shoppe.
   695 | D:2      | Reached skill level 5 in Unarmed Combat
  1227 | D:3      | Found an ornate altar of the Wu Jian Council.
  1273 | D:3      | Found a blossoming altar of Fedhas.
  1284 | D:3      | Found a stormy altar of Qazlal.
  1341 | D:3      | Reached XP level 4. HP: 38/38 MP: 3/3
  1374 | D:3      | Noticed Terence
  1386 | D:3      | HP: 1/38 [Terence/+0 flail (10)]
  1390 | D:3      | Slain by Terence

Illustrated notes

Levels and vault maps discovered:
D:1:      amcnicky_arrival_feature_with_door, layout_loops_ring
D:2:      layout_loops_corners, serial_shops, nicolae_shop_tiny_waterfront,
          roderic_serpentine_path, minmay_octomino_j4
D:3:      gammafunk_steamed_eel, layout_loops_corners,
          grunt_temple_overflow_forces_of_nature, nzn_wu_jian_contemplation,
          uniq_terence

Skill      XL: |  1  2  3 |
---------------+----------+-----
Unarmed Combat | 4 5 |  5.2
Fighting       | |  3.2
Dodging        | |  2.6

Action                     |  1- 3 |  4- 6 || total
---------------------------+-------+-------++-------
  Melee: Unarmed           |    66 |    14 ||    80
 Armour: Robe              |    10 |       ||    10
  Dodge: Dodged            |    45 |     7 ||    52
